 Dungeon Crawl Stone Soup version 0.31-a0-145-g046c7d2549 (webtiles) character file.

Game seed: 2058443280010181530

82 Irreverend the Slasher (level 4, -9/34 HPs)
             Began as a Vampire Gladiator on June 6, 2023.
             Killed by divine providence
             ... invoked by an orc priest
              (15 damage)
             ... on level 3 of the Dungeon.
             The game lasted 00:02:57 (1516 turns).

Irreverend the Slasher (Vampire Gladiator)          Turns: 1516, Time: 00:02:57

Health: -9/34      AC:  4    Str: 13    XL:     4   Next: 21%
Magic:  5/5        EV: 13    Int: 10    God:
Gold:   58         SH:  0    Dex: 17    Spells: 5/5 levels left

rFire   . . .        a - +0 long sword
rCold   . . .        (no shield)
rNeg    . . .        b - +0 leather armour
rPois   .            c - +0 helmet
rElec   .            k - scarf {+Inv}
rCorr   .            (no gloves)
SInv    +            (no boots)
Will    .....        (no amulet)
Stlth   +            (no ring)
HPRegen 0.45/turn    (no ring)
MPRegen 0.09/turn

%: no passive effects
@: healing quickly
A: alive, fangs 3, see invisible, vampiric 2
a: Exsanguinate, Evoke Invisibility


You were on level 3 of the Dungeon.
You visited 1 branch of the dungeon, and saw 3 of its levels.

You collected 58 gold pieces.

Inventory:

Hand Weapons
 a - a +0 long sword (weapon)
Missiles
 d - 3 throwing nets (quivered)
 e - 3 javelins
Armour
 b - a +0 leather armour (worn)
 c - a +0 helmet (worn)
 k - a scarf of invisibility (worn)
Scrolls
 f - 4 scrolls of identify {unknown}
 i - a scroll of enchant weapon {unknown}
 l - a scroll of noise {unknown}
 o - a scroll of torment {unknown}
Potions
 g - a potion of brilliance {unknown}
 h - a potion of enlightenment {unknown}
 j - 3 potions of mutation {unknown}
 m - a potion of attraction {unknown}
 n - a potion of lignification {unknown}


   Skills:
 + Level 2.4 Fighting
 * Level 3.9 Long Blades
 - Level 1.5 Throwing
 + Level 3.8 Dodging
 + Level 1.3 Spellcasting


You had 5 spell levels left.
You didn't know any spells.
Your spell library contained the following spells:

 Spells                   Type           Power      Damage    Failure   Level
 Sublimation of Blood     Necr           0%         N/A       54%         2
 Petrify                  Tmut/Erth      0%         N/A       99%         4
 Alistair's Intoxication  Tmut/Pois      0%         N/A       100%        5
 Borgnjor's Vile Clutch   Necr/Erth      0%         N/A       100%        5
 Irradiate                Conj/Tmut      0%         3d11      100%        5
 Eringya's Noxious Bog    Tmut/Pois      0%         N/A       100%        6


Dungeon Overview and Level Annotations

Branches:
Dungeon (3/15)

Altars:
Yredelemnul


Innate Abilities, Weirdness & Mutations

Your natural rate of healing is accelerated.
You have razor-sharp teeth.
You have supernaturally acute eyesight. (SInv)
You are afflicted with vampirism and can become a bat while bloodless.


Message History

You are too injured to fight recklessly!
You are too injured to fight recklessly!
You are too injured to fight recklessly!
You are too injured to fight recklessly!
You are too injured to fight recklessly!
You are too injured to fight recklessly!
You are too injured to fight recklessly!
You are too injured to fight recklessly!
You are too injured to fight recklessly!
You are too injured to fight recklessly!
You are too injured to fight recklessly!
You are too injured to fight recklessly!
You are too injured to fight recklessly!
You are too injured to fight recklessly!
You are too injured to fight recklessly!
You are too injured to fight recklessly!
You are too injured to fight recklessly!
You are too injured to fight recklessly!
You are too injured to fight recklessly!
You are too injured to fight recklessly!
You hit the orc but do no damage. You bite the orc.
The orc is heavily wounded.
The orc hits you but does no damage.
You closely miss the orc.
The orc is heavily wounded.
The orc priest calls upon Beogh to heal the orc.
The orc's wounds heal themselves!
The orc hits you with a +0 mace.
You hit the orc but do no damage. The orc hits you with a +0 mace.
* * * LOW HITPOINT WARNING * * *
You hit the orc. You punch the orc, but do no damage.
The orc is severely wounded.
The orc priest calls upon Beogh to heal the orc.
The orc's wounds heal themselves!
The orc closely misses you.
You closely miss the orc. Your punch misses the orc.
The orc hits you with a +0 mace.
* * * LOW HITPOINT WARNING * * *
The orc misses you.
The orc priest calls down the wrath of Beogh upon you.
Beogh smites you!
You die...

#....###
....#..
...#'####
#.........
#........
#....goo
#....#o#
#....#@#
#....#'#######
#.............
#.............
#.............
####'#########
#......[.#
#..<.....#
#........#


You could see an orc priest, 2 orcs and a goblin.

Vanquished Creatures
  4 gnolls (D:2)
  An adder (D:2)
  A dart slug (D:2)
  A worm (D:2)
  An orc (D:3)
  2 endoplasms
  3 giant cockroaches
  3 goblins
  3 hobgoblins
  2 ball pythons (D:1)
  5 bats
  2 frilled lizards (D:1)
  2 kobolds (D:1)
  A rat (D:1)
31 creatures vanquished.

Notes
Turn   | Place    | Note
-------+----------+-------------------------------------------
     0 | D:1      | Irreverend the Vampire Gladiator began the quest for the
                  | Orb.
     0 | D:1      | Reached XP level 1. HP: 16/16 MP: 1/1
    38 | D:1      | Found a faded altar of an unknown god.
   153 | D:1      | Reached XP level 2. HP: 22/22 MP: 2/2
   946 | D:2      | Gained mutation: You are afflicted with vampirism and can
                  | become a bat while bloodless. [Vampire growth]
   946 | D:2      | Reached XP level 3. HP: 26/27 MP: 4/4
   980 | D:2      | Found a basalt altar of Yredelemnul.
  1104 | D:2      | Reached skill level 1 in Spellcasting
  1124 | D:2      | HP: 1/27 [gnoll/+2 whip of freezing (1)]
  1127 | D:2      | Reached XP level 4. HP: 2/34 MP: 5/5
  1516 | D:3      | Killed from afar by an orc priest

Illustrated notes

Levels and vault maps discovered:
D:1:      elethiomel_arrival_infinity_welcomes_careful_drivers,
          layout_loops_ring, basic_ecumenical_altar, minmay_misc_feat_square
D:2:      layout_basic, basic_altar, minmay_misc_feat_four_crosses
D:3:      layout_basic

Skill      XL: |  1  2  3 |
---------------+----------+-----
Fighting       | 2 |  2.4
Spellcasting   | 1 |  1.3
Long Blades    | |  3.9
Throwing       | |  1.5
Dodging        | |  3.8

Action                     |  1- 3 |  4- 6 || total
---------------------------+-------+-------++-------
  Melee: Long sword        |    74 |    15 ||    89
         Bite              |     7 |     2 ||     9
         Punch             |       |     1 ||     1
   Stab: Sleeping          |     1 |       ||     1
 Armour: Leather armour    |    25 |     1 ||    26
  Dodge: Dodged            |    55 |     5 ||    60

Table legend: (Time is in decaauts)
 A = Elapsed time spent in this place.
 B = Non-inter-level travel time spent in this place.
 C = Inter-level travel time spent in this place.
 D = Time resting spent in this place.
 E = Time spent auto-exploring this place.
 F = Levels seen in this place.
 G = Mean time per level.
                   A        B        C        D        E       F      G
               +--------+--------+--------+--------+--------+-----+--------+
         Total |   1535 |   1512 |     23 |    167 |   1099 |   3 |  511.7 |
       Dungeon |   1535 |   1512 |     23 |    167 |   1099 |   3 |  511.7 |
               +--------+--------+--------+--------+--------+-----+--------+

Top non-repeatable levels by time:
     D:1: 802 daAuts
     D:2: 711 daAuts
     D:3: 21 daAuts
